 Dungeon Crawl Stone Soup version 0.27-a0-1184-ge86db4a01e (webtiles) character file.

Game seed: 8729045364697073718

1670 wakim the Ruffian (level 8, -5/79 HPs)
             Began as a Troll Fighter on May 18, 2021.
             Was an Initiate of Qazlal.
             Splashed by an acid dragon's acid (12 damage)
             ... on level 7 of the Dungeon.
             The game lasted 00:18:39 (5223 turns).

wakim the Ruffian (Troll Fighter)                   Turns: 5223, Time: 00:18:40

Health: -5/79      AC:  2    Str: 26      XL:     8   Next: 69%
Magic:  8/8        EV:  8    Int:  5      God:    Qazlal [......]
Gold:   286        SH:  9    Dex:  5 (15) Spells: 7/7 levels left

rFire    . . .     SeeInvis .     - Unarmed
rCold    . . .     Faith    .   b - +0 kite shield
rNeg     . . .     Spirit   .   k - +0 steam dragon scales
rPois    .         Reflect  .   e - +1 hat {Will+}
rElec    .         Harm     .   d - +1 cloak
rCorr    .         Rampage  .   (gloves unavailable)
Will     +....                  (boots unavailable)
Stlth    +.........             (no amulet)
HPRegen  1.23/turn              o - ring of wizardry
MPRegen  0.11/turn              g - +6 ring of dexterity

@: corroded
A: large, unfitting armour, claws 3, regeneration 1, shaggy fur 1, tough skin 1
a: Renounce Religion


You were on level 7 of the Dungeon.
You worshipped Qazlal.
Qazlal was noncommittal.
You visited 1 branch of the dungeon, and saw 7 of its levels.

You collected 324 gold pieces.
You spent 38 gold pieces at shops.

Inventory:

Missiles
 a - 4 silver javelins
 c - 8 atropa-tipped darts
 m - 11 poisoned darts (quivered)
Armour
 b - a +0 kite shield (worn)
 d - a +1 cloak (worn)
 e - a +1 hat of willpower (worn)
 k - +0 steam dragon scales (worn)
Jewellery
 g - a +6 ring of dexterity (right claw)
 n - a +6 ring of dexterity
 o - a ring of wizardry (left claw)
Wands
 u - a wand of mindburst (11)
 x - a wand of iceblast (8)
Scrolls
 f - 2 scrolls of enchant armour
 R - 2 scrolls of magic mapping {!r}
 T - a scroll of teleportation
Potions
 h - a potion of resistance {unknown}
 i - a potion of magic {unknown}
 j - a potion of heal wounds {unknown}
 l - a potion of berserk rage {unknown}
 B - 3 potions of attraction {!q}
 D - 3 potions of brilliance
 F - 9 potions of curing
 L - 2 potions of lignification {!q}
 N - 3 potions of might


   Skills:
 + Level 4.7 Fighting
 + Level 1.3 Throwing
 + Level 4.6 Dodging
 + Level 4.6 Shields
 * Level 7.1 Unarmed Combat
 + Level 1.3 Invocations


You had 7 spell levels left.
You didn't know any spells.
Your spell library was empty.

Dungeon Overview and Level Annotations

Branches:
Dungeon (7/15)
 Temple: D:4-7

Altars:
Cheibriados
Nemelex Xobeh
Okawaru
Qazlal
Sif Muna
Trog

Shops:
D:4 *=!(

Annotations:
D:5 3 runed translucent doors, tilp's ghost, novice BaSu


Innate Abilities, Weirdness & Mutations

You are too large for most types of armour.
You have claws for hands.
Your natural rate of healing is unusually fast.
You are covered in fur. (AC +1)
You have tough skin. (AC +1)


Message History

You closely miss the acid dragon. The acid dragon bites you!
The acid dragon barely misses you.
You barely miss the acid dragon. The acid dragon bites you.
You block the acid dragon's attack.
Your shield prevents you from hitting the acid dragon.
You block the acid dragon's attack. The acid dragon claws you.
You closely miss the acid dragon. The acid dragon spits acid at you.
The splash of acid hits you! The acid corrodes you!
You are splashed with acid!
You scratch the acid dragon.
The acid dragon is lightly wounded.
The acid dragon bites you but does no damage.
The acid dragon barely misses you.
You mangle the acid dragon!!
The acid dragon is almost dead.
The acid dragon bites you.
The acid dragon claws you but does no damage.
You scratch the acid dragon but do no damage.
The acid dragon is almost dead.
You block the acid dragon's attack.
The acid dragon claws you but does no damage.
You closely miss the acid dragon.
The acid dragon is almost dead.
The acid dragon spits acid at you. The splash of acid hits you!
* * * LOW HITPOINT WARNING * * *
You are splashed with acid!
* * * LOW HITPOINT WARNING * * *
You scratch the acid dragon but do no damage.
The acid dragon is almost dead.
The acid dragon bites you.
* * * LOW HITPOINT WARNING * * *
The acid dragon claws you but does no damage.
You scratch the acid dragon but do no damage.
The acid dragon is almost dead.
The acid dragon spits acid at you. The splash of acid hits you!
* * * LOW HITPOINT WARNING * * *
The acid corrodes you!
You are splashed with acid!
You die...

###...##.........(.....##
#......##.......##....##
...#....#.......#....##
...#.................#
#..#...............#####.
#..#.##.......#....##....
##............#...........
.............##...........
####.##########.@...######
♣♣.....♣♣ ♣ #..D....#
♣.#####.♣ .♣#.......## ♣.#
#.♣.♣ #.......# ..##+##†.♣
#......## ♣♣.....♣♣♣
#.....!. ##♣.♣## ########.
♣♣.♣♣ ## #♣...♣#


You could see an acid dragon (catching breath).

Vanquished Creatures
  Sigmund (D:5)
  A wraith (D:7)
  A steam dragon (D:6)
  2 sky beasts
  3 ogres
  A centaur (D:6)
  A bullfrog (D:6)
  6 quasits (D:6)
  A gnoll shaman (D:6)
  A hound (D:4)
  A jelly (D:4)
  A bullfrog skeleton (D:5)
  An orc wizard (D:5)
  An iguana (D:7)
  A killer bee zombie (D:5)
  2 hound skeletons
  8 gnolls
  6 adders
  A white imp (D:5)
  2 ufetubi (D:5)
  An adder zombie (D:5)
  2 worms
  The ghost of Goblin1989 the Sneak, a weakling DsDe (D:6)
  3 dart slugs
  12 orcs
  5 ball pythons
  4 bats
  6 endoplasms
  4 giant cockroaches
  6 goblins
  6 hobgoblins
  5 jackals
  5 kobolds
  3 quokkas
  2 frilled lizards
  4 rats
111 creatures vanquished.

Vanquished Creatures (others)
  9 plants
  12 withered plants (D:1)
21 creatures vanquished.

Grand Total: 132 creatures vanquished

Notes
Turn   | Place    | Note
-------+----------+-------------------------------------------
     0 | D:1      | wakim the Troll Fighter began the quest for the Orb.
     0 | D:1      | Reached XP level 1. HP: 22/22 MP: 0/0
   124 | D:1      | Reached XP level 2. HP: 29/29 MP: 1/1
   483 | D:1      | Reached XP level 3. HP: 36/36 MP: 2/2
   596 | D:1      | Found a faded altar of an unknown god.
   782 | D:2      | Reached skill level 3 in Unarmed Combat
  1515 | D:3      | Reached XP level 4. HP: 42/44 MP: 3/3
  1626 | D:3      | Identified a scroll of acquirement
  1626 | D:3      | Acquired a +1 hat of willpower
  1799 | D:3      | Found a bloodstained altar of Trog.
  1915 | D:3      | Found a shimmering blue altar of Sif Muna.
  2125 | D:4      | Reached XP level 5. HP: 53/53 MP: 4/4
  2134 | D:4      | Found Ogaeg's Assorted Antiques.
  2156 | D:4      | Bought a black potion for 19 gold pieces
  2156 | D:4      | Bought a black potion for 19 gold pieces
  2283 | D:4      | Reached skill level 4 in Unarmed Combat
  2285 | D:4      | Found Gidae's Jewellery Boutique.
  2796 | D:4      | Found Kippofoi's Antique Weapon Emporium.
  2829 | D:4      | Found Woge's Distillery.
  2972 | D:5      | Entered Level 5 of the Dungeon
  3013 | D:5      | Noticed Sigmund
  3105 | D:5      | Noticed an ogre
  3133 | D:5      | Killed an ogre
  3134 | D:5      | Reached XP level 6. HP: 49/61 MP: 5/5
  3186 | D:5      | Found a sparkling altar of Nemelex Xobeh.
  3193 | D:5      | Found a runed translucent gate.
  3194 | D:5      | Found a runed translucent gate.
  3195 | D:5      | Found a runed translucent gate.
  3196 | D:5      | Noticed tilp's ghost (novice BaSu)
  3206 | D:5      | Noticed a gargoyle
  3213 | D:5      | Noticed a sky beast
  3224 | D:5      | Killed a sky beast
  3293 | D:5      | Killed Sigmund
  3294 | D:5      | Reached skill level 5 in Unarmed Combat
  3294 | D:5      | Reached XP level 7. HP: 68/68 MP: 6/6
  3727 | D:5      | Found an iron altar of Okawaru.
  4009 | D:6      | Noticed a steam dragon
  4016 | D:6      | Killed a steam dragon
  4041 | D:6      | Reached skill level 6 in Unarmed Combat
  4061 | D:6      | Found a snail-covered altar of Cheibriados.
  4141 | D:6      | Reached XP level 8. HP: 76/78 MP: 7/7
  4305 | D:6      | Found a stormy altar of Qazlal.
  4363 | D:6      | Became a worshipper of Qazlal Stormbringer
  4400 | D:6      | Noticed Goblin1989's ghost (weakling DsDe)
  4414 | D:6      | Found a transporter.
  4549 | D:6      | Found a transporter.
  4986 | D:6      | Killed Goblin1989's ghost
  5014 | D:6      | Reached skill level 1 in Throwing
  5018 | D:6      | Reached skill level 1 in Invocations
  5140 | D:7      | Reached skill level 7 in Unarmed Combat
  5223 | D:7      | Splashed by an acid dragon's acid

Illustrated notes

Levels and vault maps discovered:
D:1:      dpeg_arrival_brainrot, layout_rooms,
          shapermc_ecumenical_altar_flowoftime, minmay_misc_feat_room,
          eino_curves_01
D:2:      layout_loops_ring
D:3:      layout_loops_ring, lemuel_tele_altar, general_overflow_altar
D:4:      layout_loops_ring, serial_shops, kennysheep_mini_moat,
          kennysheep_mini, shop, shop, saegor_snake_ambush
D:5:      layout_basic, okawaru_gym_becter, overflow_temple_1_default,
          gammafunk_ghost_split, kennysheep_small_spiral, uniq_sigmund
D:6:      layout_basic, nicolae_qazlal_scattered_showers,
          overflow_temple_1_default, gammafunk_ghost_stat_death
D:7:      nzn_winding_woodlands_stair_cross [nzn_winding_woodlands_5x15_cabin,
          nzn_winding_woodlands_center_pierced_h,
          nzn_winding_woodlands_5x15_pathside_ponds,
          nzn_winding_woodlands_5x5_default, nzn_winding_woodlands_5x5_cross,
          nzn_winding_woodlands_5x15_garden,
          nzn_winding_woodlands_center_garden,
          nzn_winding_woodlands_5x15_concentric], layout_cave_pools,
          lemuel_mausoleum_altar_yredelemnul,
          minmay_temple_entry_statues_fountains, uniq_duvessa, uniq_joseph

Skill      XL: |  1  2  3  4  5  6  7  8 |
---------------+-------------------------+-----
Unarmed Combat | 3 4 5 6 7 |  7.1
Dodging        | 3 4 |  4.6
Fighting       | 3 4 |  4.7
Shields        | 3 4 |  4.6
Throwing       | 1 |  1.3
Invocations    | 1 |  1.3

Action                   |  1- 3 |  4- 6 |  7- 9 || total
-------------------------+-------+-------+-------++-------
Melee: Unarmed           |   112 |   101 |   134 ||   347
Evoke: Wand              |       |     3 |     2 ||     5
  Use: Scroll            |     6 |     5 |     7 ||    18
 Stab: Sleeping          |     1 |     1 |       ||     2
Armor: Robe              |    26 |    28 |   146 ||   200
       Steam dragon scal |       |       |     4 ||     4
Dodge: Dodged            |    28 |    29 |   126 ||   183
Block: Kite shield       |    35 |    46 |   124 ||   205

Table legend: (Time is in decaauts)
 A = Elapsed time spent in this place.
 B = Non-inter-level travel time spent in this place.
 C = Inter-level travel time spent in this place.
 D = Time resting spent in this place.
 E = Time spent auto-exploring this place.
 F = Levels seen in this place.
 G = Mean time per level.
                   A        B        C        D        E       F      G
               +--------+--------+--------+--------+--------+-----+--------+
         Total |   5293 |   5009 |    284 |     28 |   3913 |   7 |  756.1 |
       Dungeon |   5293 |   5009 |    284 |     28 |   3913 |   7 |  756.1 |
               +--------+--------+--------+--------+--------+-----+--------+

Top non-repeatable levels by time:
     D:6: 1143 daAuts
     D:5: 982 daAuts
     D:4: 921 daAuts
     D:2: 737 daAuts
     D:3: 721 daAuts
     D:1: 669 daAuts
     D:7: 116 daAuts
